 Dungeon Crawl Stone Soup version 0.21.1-1-g345015f (webtiles) character file.

232 VersusAllOdds the Skirmisher (level 5, -6/48 HPs)
             Began as a Draconian Berserker on July 29, 2018.
             Was a Believer of Trog.
             Mangled by an iguana (12 damage)
             ... on level 3 of the Dungeon.
             The game lasted 00:17:51 (6535 turns).

VersusAllOdds the Skirmisher (Draconian Berserker)  Turns: 6535, Time: 00:17:52

Health: -6/48      AC:  5    Str: 21    XL:     5   Next: 73%
Magic:  5/5        EV: 13    Int:  7    God:    Trog [**....]
Gold:   260        SH:  0    Dex: 10    Spells: 4/4 levels left

rFire    . . .     SeeInvis .   a - +0 hand axe
rCold    . . .     Gourm    .   (no shield)
rNeg     . . .     Faith    .   (armour unavailable)
rPois    .         Spirit   .   (helmet restricted)
rElec    .         Reflect  .   (no cloak)
rCorr    .         Harm     .   (no gloves)
MR       .....                  (no boots)
Stlth    +.........             (no amulet)
HPRegen  0.16/turn              (no ring)
MPRegen  0.09/turn              (no ring)

@: no status effects
A: unfitting armour, cold-blooded, AC +5
a: Berserk, Trog's Hand, Burn Spellbooks, Renounce Religion


You were on level 3 of the Dungeon.
You worshipped Trog.
Trog was pleased with you.
You were not hungry.

You visited 2 branches of the dungeon, and saw 6 of its levels.

You collected 260 gold pieces.

Inventory:

Hand Weapons
 a - a +0 hand axe (weapon)
Scrolls
 c - a scroll of enchant weapon {unknown}
 f - a scroll of magic mapping
Potions
 i - 2 potions of curing
 k - 2 potions of lignification {unknown}
 l - 2 potions of heal wounds {unknown}
 m - a potion of brilliance {unknown}
 n - a potion of might {unknown}
Comestibles
 b - 4 rations


   Skills:
 + Level 5.0 Fighting
 + Level 4.3 Axes
 + Level 4.1 Dodging
 - Level 0.2 Stealth


You had 4 spell levels left.
You didn't know any spells.

Dungeon Overview and Level Annotations

Branches:
Dungeon (5/15)             Temple (1/1) D:4

Altars:
Ashenzari
Cheibriados
Dithmenos
Elyvilon
Fedhas
Gozag
Hepliaklqana
Kikubaaqudgha
Nemelex Xobeh
Okawaru
Qazlal
Ru
Sif Muna
Uskayaw
Vehumet
Wu Jian
Xom
Yredelemnul
Zin
The Shining One

Annotations:
D:3 Sigmund
D:4 exclusions: ogre and upstairs
D:5 exclusion: water moccasin


Innate Abilities, Weirdness & Mutations

Your plain brown scales are hard. (AC +5)
You cannot fit into any form of body armour.
You are cold-blooded and may be slowed by cold attacks.


Message History

The iguana bites you.
You barely miss the iguana.
The iguana is heavily wounded.
The iguana misses you.
You hit the iguana but do no damage.
The iguana is heavily wounded.
The iguana bites you!
You are too injured to fight recklessly!
You are too injured to fight recklessly!
You are too injured to fight recklessly!
You barely miss the iguana.
The iguana is heavily wounded.
The iguana bites you!
* * * LOW HITPOINT WARNING * * *
The iguana bites you.
* * * LOW HITPOINT WARNING * * *
You hit the iguana.
The iguana is severely wounded.
The iguana bites you!
You die...

#..############..#
#..############..#
#.................
#.##############..
#.##############..
#.#...........##..
#.#...........##..
#l#...........##..
#@'...)...........
#####.#...[.......##..
#........#############
#........# #........#
########## #........#
#......... ###...####
#.....(... #.###
#.........
####.#########.........


You could see an iguana.

Vanquished Creatures
  A crimson imp (D:4)
  An iguana (D:4)
  A worker ant (D:5)
  7 adders
  4 dart slugs
  2 worms
  3 leopard geckos
  6 orcs
  5 giant cockroaches
  8 goblins
  9 hobgoblins
  4 jackals (D:4)
  2 quokkas
  5 bats
  A frilled lizard (D:3)
  A kobold (D:2)
  2 quokka skeletons
  4 rats
66 creatures vanquished.

Notes
Turn   | Place    | Note
-------+----------+-------------------------------------------
     0 | D:1      | VersusAllOdds the Draconian Berserker began the quest for the Orb.
     0 | D:1      | Reached XP level 1. HP: 19/19 MP: 1/1
   690 | D:1      | Reached XP level 2. HP: 19/26 MP: 2/2
  1292 | D:2      | Reached XP level 3. HP: 16/33 MP: 3/3
  1552 | D:2      | Reached skill level 4 in Fighting
  2459 | D:3      | Reached XP level 4. HP: 36/40 MP: 4/4
  2928 | D:3      | Found a sacrificial altar of Ru.
  3069 | D:3      | Found a white marble altar of Elyvilon.
  3431 | D:3      | Noticed Sigmund
  3754 | D:4      | Reached XP level 5. HP: 45/47 MP: 5/5
  4420 | D:4      | Found a staircase to the Ecumenical Temple.
  4426 | Temple   | Entered the Ecumenical Temple
  4510 | D:4      | Noticed an ogre
  4664 | D:4      | Reached ** piety under Trog
  4705 | D:4      | Noticed an ogre
  5018 | D:5      | Entered Level 5 of the Dungeon
  5018 | D:5      | Noticed a water moccasin
  5355 | D:5      | Noticed an ogre
  5558 | D:5      | Reached skill level 5 in Fighting
  6042 | D:5      | Found a radiant altar of Vehumet.
  6052 | D:5      | Found a shadowy altar of Dithmenos.
  6056 | D:5      | Found an ancient bone altar of Kikubaaqudgha.
  6062 | D:5      | Found a stormy altar of Qazlal.
  6129 | D:5      | Found the -2 hat of the Alchemist {rElec rPois rF+ rC+ rN+ MR+ rMut rCorr}
  6535 | D:3      | Mangled by an iguana

Skill      XL: |  1  2  3  4  5 |
---------------+----------------+-----
Dodging        | 3 4 |  4.1
Fighting       | 4 5 |  5.0
Axes           | 4 |  4.3
Stealth        | |  0.2

Action                   |  1- 3 |  4- 6 || total
-------------------------+-------+-------++-------
Melee: Hand axe          |   106 |   161 ||   267
       Tailslap          |    11 |    17 ||    28
  Use: Scroll            |       |     9 ||     9
       Potion            |       |     3 ||     3
 Stab: Sleeping          |     2 |       ||     2
  Eat: Chunk             |     4 |     5 ||     9
       Ration            |       |     3 ||     3
Armor: Skin              |    27 |    37 ||    64
Dodge: Dodged            |    58 |   104 ||   162
